 Dungeon Crawl Stone Soup version 0.30-a0-881-g1ff12e1e11 (webtiles) character file.

Game seed: 3032632122858802274

7797 bmack86 the Cleaver (level 11, -19/97 HPs)
             Began as a Minotaur Fighter on Mar 15, 2023.
             Was a Priest of Okawaru.
             Demolished by Fannar
             ... wielding a staff of cold
              (23 damage)
             ... on level 10 of the Dungeon.
             The game lasted 00:22:36 (9366 turns).

bmack86 the Cleaver (Minotaur Fighter)              Turns: 9366, Time: 00:22:37

Health: -19/97     AC: 28    Str: 25    XL:     11   Next: 1%
Magic:  0/12       EV:  7    Int: 10    God:    Okawaru [***...]
Gold:   585        SH: 10    Dex:  7    Spells: 10/10 levels left

rFire   + . .      SeeInvis .    a - +1 war axe (drain)
rCold   x . .      Faith    .    v - +0 kite shield
rNeg    + + .      Spirit   +    b - +7 chain mail "Miheeqylesh" {rN++ Int+5 Dex-3}
rPois   +          Reflect  .    x - +2 hat {Stlth+}
rElec   .          Rampage  .    E - +1 cloak {Stlth+}
rCorr   .          Harm     + .  d - +2 pair of gloves
Will    .....                    g - +1 pair of boots Stlth
                                 w - amulet "Ruihar Eppi" {Spirit Harm rPois rC-}
HPRegen 0.36/turn                q - ring of protection from fire
MPRegen 0.13/turn                (no ring)

@: hasted, studying Shields, very quick
A: horns 2, retaliatory headbutt
a: Renounce Religion, Heroism


You were on level 10 of the Dungeon.
You worshipped Okawaru.
Okawaru was most pleased with you.
You visited 2 branches of the dungeon, and saw 11 of its levels.

You collected 585 gold pieces.

Inventory:

Hand Weapons
 a - a +1 war axe of draining (weapon)
Missiles
 e - 23 poisoned darts
 o - 3 boomerangs (quivered)
 u - 2 throwing nets
 F - 2 curare-tipped darts
Armour
 b - the +7 chain mail "Miheeqylesh" (worn) {rN++ Int+5 Dex-3}
   (You found it on level 6 of the Dungeon)

   Int:       It affects your intelligence (+5).
   Dex:       It affects your dexterity (-3).
   rN:        It greatly protects you from negative energy.
 c - a +1 plate armour of fire resistance
 d - a +2 pair of gloves (worn)
 g - a +1 pair of boots (worn)
 r - a +0 pair of gloves
 v - a +0 kite shield (worn)
 x - a +2 hat of stealth (worn)
 E - a +1 cloak of stealth (worn)
Jewellery
 i - an amulet of regeneration
 q - a ring of protection from fire (left hand)
 w - the amulet "Ruihar Eppi" (around neck) {Spirit Harm rPois rC-}
   (You found it on level 5 of the Dungeon)

   [amulet of guardian spirit]

   It causes incoming damage to be divided between your reserves of health and
   magic.
   rC:        It makes you vulnerable to cold.
   rPois:     It protects you from poison.
   Harm:      It increases damage dealt and taken.
 A - a ring of poison resistance
 D - the ring of Nismoan {Wiz rC++ Str+4}
   (You took it off a gnoll on level 8 of the Dungeon)

   [ring of wizardry]

   It improves your spell success rate.
   Str:       It affects your strength (+4).
   rC:        It greatly protects you from cold.
Wands
 t - a wand of digging (3)
 y - a wand of flame (52)
 C - a wand of quicksilver (14)
Scrolls
 f - 5 scrolls of teleportation
 z - 2 scrolls of amnesia
 B - a scroll of poison
 G - a scroll of fog
 H - a scroll of fear
Potions
 h - 7 potions of curing
 j - 3 potions of brilliance
 k - 2 potions of haste
 l - 2 potions of attraction
 m - 4 potions of lignification
 n - 2 potions of resistance
 p - 2 potions of ambrosia
 s - 2 potions of berserk rage


   Skills:
 + Level 9.0 Fighting
 * Level 11.8 Axes
 + Level 6.4 Throwing
 + Level 8.9 Armour
 + Level 9.6 Shields
 + Level 3.7 Invocations


You had 10 spell levels left.
You didn't know any spells.
Your spell library contained the following spells:

 Spells                   Type           Power      Damage    Failure   Level
 Scorch                   Fire           0%         2d5       100%        2
 Airstrike                Air            0%         2d(0-16)  100%        4
 Flame Wave               Conj/Fire      0%         2d4       100%        4
 Alistair's Intoxication  Tmut/Pois      0%         N/A       100%        5
 Borgnjor's Vile Clutch   Necr/Erth      0%         N/A       100%        5
 Lightning Bolt           Conj/Air       0%         1d11      100%        5
 Eringya's Noxious Bog    Tmut/Pois      0%         N/A       100%        6
 Summon Small Mammal      Summ           Unusable   N/A       N/A         1
 Call Canine Familiar     Summ           Unusable   N/A       N/A         3
 Summon Guardian Golem    Hex/Summ       Unusable   N/A       N/A         3
 Summon Lightning Spire   Summ/Air       Unusable   N/A       N/A         4
 Summon Cactus Giant      Summ           Unusable   N/A       N/A         6

Dungeon Overview and Level Annotations

Branches:
Dungeon (10/15)            Temple (1/1) D:4            Lair (0/5) D:10
    Orc: D:9-12

Altars:
Ashenzari
Cheibriados
Dithmenos
Elyvilon
Fedhas
Gozag
Hepliaklqana
Kikubaaqudgha
Makhleb
Nemelex Xobeh
Okawaru
Qazlal
Ru
Sif Muna
Trog
Uskayaw
Vehumet
Wu Jian
Xom
Yredelemnul
Zin

Shops:
D:9 *

Annotations:
D:10 Fannar


Innate Abilities, Weirdness & Mutations

You have a pair of horns on your head.
You reflexively headbutt those who attack you in melee.


Message History

The ice beast is lightly wounded.
You hit Fannar. You drain Fannar. Fannar hits you but does no damage.
Fannar freezes you! The ice beast hits you. The ice beast freezes you!
You feel a terrible chill!
You slash the ice beast! You drain the ice beast.
You kill the ice beast!
The ice beast disappears in a puff of smoke!
You miss Fannar. You block Fannar's attack.
Found 8 gold pieces.
Fannar hits you with a staff of cold. Fannar freezes you!!
You completely miss Fannar.
Fannar is lightly wounded.
Fannar hits you but does no damage. Fannar freezes you!!
* * * LOW HITPOINT WARNING * * *
You hit Fannar.
Fannar is lightly wounded.
Fannar casts a spell.
You feel yourself speed up. You block Fannar's attack.
The ice beast hits you but does no damage.
You barely miss Fannar. Your headbutt misses Fannar.
Fannar is lightly wounded.
You hit the ice beast. You barely miss Fannar.
Fannar is lightly wounded.
You hit the ice beast but do no damage. You block Fannar's attack.
You block the ice beast's attack.
You barely miss Fannar. You headbutt Fannar.
Fannar is lightly wounded.
You slash the ice beast! You drain the ice beast.
Fannar hits you but does no damage. Fannar freezes you!
* * * LOW HITPOINT WARNING * * *
You block the ice beast's attack.
You closely miss Fannar. Your headbutt misses Fannar.
Fannar is lightly wounded.
You barely miss the ice beast. You hit Fannar. You drain Fannar.
Fannar is moderately wounded.
You barely miss the ice beast. Fannar hits you with a staff of cold.
* * * LOW HITPOINT WARNING * * *
Fannar freezes you!!
You die...

##.......
##.##.$#.....#........
##.....................
#.#....................
##...............)......
........................
........................
.................?.....P
.......@e...............
........Y...............
...................#.#..
....................##..
....................#..P
....................#...
........................
.....................##.
......................#.


You could see Fannar (drained) and an ice beast (summoned, drained).

Vanquished Creatures
  A two-headed ogre (D:5)
  The ghost of Firecrotchwizard the Fighter, a novice DjFE of Makhleb (D:8)
  A komodo dragon (D:10)
  2 kobold demonologists
  2 trolls
  A wraith (D:9)
  2 yaks (D:10)
  4 steam dragons
  Grum (D:8)
  Edmund (D:4)
  Menkaure (D:4)
  An acid dragon (D:10)
  2 water moccasins
  4 orc warriors
  3 wolves (D:8)
  The ghost of dialectric the Trooper, an amateur DsFi (D:3)
  2 centaurs
  4 kobold brigands
  7 bullfrogs
  4 gnoll sergeants
  6 killer bees (D:8)
  9 howler monkeys
  5 quasits (D:4)
  3 hounds
  3 jellies
  A gnoll bouda (D:9)
  7 orc priests
  Crazy Yiuf (D:2)
  3 sleepcaps
  3 iguanas
  11 orc wizards
  A killer bee zombie (D:3)
  A mummy (D:3)
  Robin (D:3)
  A howler monkey skeleton (D:3)
  28 gnolls
  8 adders
  3 shadow imps (D:4)
  A white imp (D:4)
  3 ufetubi
  3 worms
  A dart slug (D:1)
  39 orcs
  9 ball pythons
  2 endoplasms
  3 giant cockroaches
  19 goblins
  9 hobgoblins
  6 quokkas
  9 bats
  A frilled lizard (D:3)
  7 kobolds
  5 rats
257 creatures vanquished.

Vanquished Creatures (others)
  A gnoll bouda (D:8)
  7 demonic plants (D:4)
  6 fungi (D:10)
  15 plants
29 creatures vanquished.

Grand Total: 286 creatures vanquished

Notes
Turn   | Place    | Note
-------+----------+-------------------------------------------
     0 | D:1      | bmack86 the Minotaur Fighter began the quest for the Orb.
     0 | D:1      | Reached XP level 1. HP: 19/19 MP: 0/0
   277 | D:1      | Reached XP level 2. HP: 27/27 MP: 1/1
   329 | D:1      | Reached skill level 3 in Axes
   966 | D:2      | Reached XP level 3. HP: 33/33 MP: 2/2
  1416 | D:2      | Found a runed translucent door.
  1417 | D:2      | Noticed Crazy Yiuf
  1651 | D:3      | Noticed Robin
  1660 | D:3      | Reached XP level 4. HP: 20/40 MP: 3/3
  1663 | D:3      | Killed Robin
  1675 | D:3      | Found a faded altar of an unknown god.
  1681 | D:3      | Reached skill level 4 in Axes
  1715 | D:3      | Reached XP level 5. HP: 20/47 MP: 4/4
  1724 | D:3      | Reached skill level 1 in Throwing
  1926 | D:3      | Found a transporter.
  1953 | D:3      | Found a transporter.
  1959 | D:3      | Noticed dialectric's ghost (amateur DsFi)
  2372 | D:4      | Found a staircase to the Ecumenical Temple.
  2389 | Temple   | Entered the Ecumenical Temple
  2654 | D:4      | Reached skill level 5 in Axes
  2654 | D:4      | Reached XP level 6. HP: 36/55 MP: 5/5
  2718 | D:4      | Found a white marble altar of Elyvilon.
  2724 | D:4      | Noticed Edmund
  2735 | D:4      | Killed Edmund
  2736 | D:4      | Reached skill level 5 in Fighting
  2736 | D:4      | Reached skill level 5 in Armour
  2736 | D:4      | Reached skill level 5 in Shields
  3023 | D:4      | Noticed Menkaure
  3026 | D:4      | Killed Menkaure
  3027 | D:4      | Reached skill level 6 in Axes
  3027 | D:4      | Reached XP level 7. HP: 32/61 MP: 6/6
  3635 | D:5      | Entered Level 5 of the Dungeon
  3849 | D:5      | Identified the amulet "Ruihar Eppi" {Spirit Harm rPois rC-}
  3886 | D:5      | Noticed a two-headed ogre
  3899 | D:5      | Killed a two-headed ogre
  3900 | D:5      | Reached skill level 7 in Axes
  3900 | D:5      | Reached XP level 8. HP: 34/71 MP: 2/7
  4211 | D:5      | Reached skill level 8 in Axes
  4481 | D:5      | Found an opulent altar of Gozag.
  4482 | D:5      | Found a blossoming altar of Fedhas.
  4482 | D:5      | Found a shimmering altar of Xom.
  5156 | D:6      | Reached XP level 9. HP: 49/78 MP: 8/8
  5286 | D:6      | Identified the +7 chain mail "Miheeqylesh" {rN++ Int+5
                  | Dex-3}
  5609 | D:6      | Noticed a kobold demonologist
  5610 | D:6      | Noticed a red devil
  5617 | D:6      | Killed a kobold demonologist
  5618 | D:6      | Reached skill level 9 in Axes
  6030 | D:7      | Found an ancient bone altar of Kikubaaqudgha.
  6059 | D:7      | Reached skill level 5 in Throwing
  6096 | D:7      | Found a burning altar of Makhleb.
  6176 | D:7      | Found a bloodstained altar of Trog.
  6177 | D:7      | Found an iron altar of Okawaru.
  6186 | D:7      | Became a worshipper of Warmaster Okawaru
  6252 | D:7      | Reached skill level 10 in Axes
  6509 | D:7      | Found a sacrificial altar of Ru.
  6739 | D:8      | Reached skill level 1 in Invocations
  6751 | D:8      | Reached * piety under Okawaru
  6950 | D:8      | Reached XP level 10. HP: 87/88 MP: 10/10
  7141 | D:8      | Noticed Grum
  7145 | D:8      | Identified the +0 scale mail of the Farmer {Rampage rPois
                  | Int+2}
  7160 | D:8      | Found a transporter.
  7162 | D:8      | Identified the ring of Nismoan {Wiz rC++ Str+4}
  7166 | D:8      | Found a transporter.
  7200 | D:8      | Killed Grum
  7232 | D:8      | Noticed Firecrotchwizard's ghost (novice DjFE)
  7243 | D:8      | Killed Firecrotchwizard's ghost
  7844 | D:2      | Killed Crazy Yiuf
  7932 | D:3      | Killed dialectric's ghost
  8172 | D:9      | Found Keptoiru's Overcharged Wands.
  8228 | D:9      | Reached ** piety under Okawaru
  8398 | D:9      | Reached skill level 11 in Axes
  8878 | D:10     | Entered Level 10 of the Dungeon
  8898 | D:10     | Reached *** piety under Okawaru
  9164 | D:10     | Found a staircase to the Lair.
  9270 | D:10     | Reached XP level 11. HP: 92/97 MP: 9/12
  9349 | D:10     | Noticed Fannar
  9366 | D:10     | HP: 4/97 [Fannar/staff of cold (2)]
  9366 | D:10     | Demolished by Fannar

Illustrated notes

Levels and vault maps discovered:
D:1:      dpeg_arrival_snail, layout_basic, serial_bayou_crossing
D:2:      layout_basic, chequers_big_river, uniq_crazy_yiuf_cottage
D:3:      layout_basic, gammafunk_ghost_mausoleum,
          ebering_ecumenical_altar_abandoned, uniq_robin
D:4:      layout_loops_corners, elyvilon_altar_1,
          minmay_temple_entry_sparse_star, serial_demonic, serial_demonic_d,
          serial_demonic_g, serial_demonic_c, serial_demonic_b,
          serial_demonic_f, uniq_menkaure, uniq_edmund
D:5:      layout_loops_corners, chequers_temple_overflow_statue_of_worship,
          kennysheep_donut, kennysheep_small_spiral, grunt_ministairs_2
D:6:      layout_basic
D:7:      layout_cave_pools, grunt_temple_overflow_bloody_war,
          nicolae_ru_path_of_blood, grunt_temple_overflow_open
D:8:      layout_basic, gammafunk_ghost_gnarly_gnolls
D:9:      layout_irregular_city, nicolae_shop_overcharged_wands
D:10:     layout_big_octagon, mainiacjoe_overflow_alcove_4,
          grunt_lair_entry_orc_guard_hut, uniq_fannar
Temple:   chequers_temple_sunken

Skill      XL: |  1  2  3  4  5  6  7  8  9 10 |
---------------+-------------------------------+-----
Axes           | 3 4 5 6 7 8 10 11 | 11.8
Armour         | 4 5 6 7 8 |  8.9
Fighting       | 4 5 6 8 9 |  9.0
Shields        | 4 5 6 7 9 |  9.6
Throwing       | 1 2 3 4 5 6 |  6.4
Invocations    | 1 3 |  3.7

Action                     |  1- 3 |  4- 6 |  7- 9 | 10-12 || total
---------------------------+-------+-------+-------+-------++-------
  Melee: War axe           |    83 |    90 |   242 |   137 ||   552
         Headbutt          |    12 |    16 |    43 |    20 ||    91
  Throw: Dart              |       |       |    12 |       ||    12
         Boomerang         |       |       |       |     4 ||     4
 Invoke: Heroism           |       |       |       |     3 ||     3
  Evoke: Wand              |       |       |       |     3 ||     3
    Use: Scroll            |     4 |     4 |     9 |     4 ||    21
         Potion            |       |       |       |     2 ||     2
 Armour: Scale mail        |    32 |       |     8 |       ||    40
         Chain mail        |    44 |   130 |   196 |   110 ||   480
  Dodge: Dodged            |    54 |    79 |    85 |    54 ||   272
  Block: Buckler           |    30 |    41 |    14 |       ||    85
         Kite shield       |       |       |   133 |    97 ||   230

Table legend: (Time is in decaauts)
 A = Elapsed time spent in this place.
 B = Non-inter-level travel time spent in this place.
 C = Inter-level travel time spent in this place.
 D = Time resting spent in this place.
 E = Time spent auto-exploring this place.
 F = Levels seen in this place.
 G = Mean time per level.
                   A        B        C        D        E       F      G
               +--------+--------+--------+--------+--------+-----+--------+
         Total |   9526 |   9014 |    512 |    631 |   5745 |  11 |  866.0 |
       Dungeon |   9458 |   8946 |    512 |    631 |   5745 |  10 |  945.8 |
        Temple |     67 |     67 |      0 |      0 |      0 |   1 |   67.0 |
               +--------+--------+--------+--------+--------+-----+--------+

Top non-repeatable levels by time:
     D:4: 1397 daAuts
     D:5: 1372 daAuts
     D:8: 1111 daAuts
     D:6: 931 daAuts
     D:1: 923 daAuts
     D:3: 900 daAuts
     D:9: 833 daAuts
     D:2: 786 daAuts
     D:7: 712 daAuts
    D:10: 488 daAuts
  Temple: 67 daAuts
